[Event "Titled Tuesday Blitz November 15 Late 2022"]
[White "Do Nascimento,Christian Almeida"]
[Black "Baltaci, Ismail Tarik"]
[WhiteFideId "2143801"]
[BlackFideId "6365213"]
[WhiteElo "2079"]
[BlackElo "2344"]
[Result "1-0"]
[Round "05"]
[TimeControl "180+1"]
[Date "2022.11.16"]
[WhiteClock "0:00:16"]
[BlackClock "0:00:04"]

1. e4 c6 2. d4 d5 3. exd5 cxd5 4. c4 Nf6 5. Nc3 Nc6 6. Nf3 g6 7. cxd5 Nxd5 8. Bc4 Nb6 9. Bb3 Bg7 10. Be3 O-O 11. h3 Na5 12. O-O Nbc4 13. Bc1 Bf5 14. Re1 Rc8 15. Bc2 Bxc2 16. Qxc2 Nc6 17. Be3 Nxe3 18. fxe3 Qa5 19. Qb3 Qb4 20. Rec1 Rfd8 21. Kf1 a6 22. Ke2 Qxb3 23. axb3 e6 24. Na4 Bf8 25. Nc5 Bxc5 26. Rxc5 b6 27. Rc3 Nb4 28. Rac1 Rxc3 29. bxc3 Nc6 30. Ra1 a5 31. Nd2 b5 32. Ne4 Kf8 33. c4 bxc4 34. bxc4 Rb8 35. Ra2 Rb4 36. Nd2 Ke7 37. Kd3 Kd6 38. Kc3 Rb8 39. Nb3 Ra8 40. Ra4 f5 41. g3 g5 42. Nc5 Rb8 43. Nb3 Ra8 44. Nd2 Rb8 45. Ra3 Rb4 46. Nb3 a4 47. Na5 Rb1 48. Nxc6 Kxc6 49. Rxa4 Rg1 50. Ra6+ Kd7 51. g4 Rg3 52. gxf5 exf5 53. Ra7+ Ke6 54. Rxh7 Rxe3+ 55. Kb4 f4 56. Rh6+ Kf5 57. Rh8 f3 58. d5 Kg6 59. Rf8 Kh5 60. d6 Rd3 61. c5 Kh4 62. Kc4 Rd1 63. Rxf3 g4 64. hxg4 Kxg4 65. Rd3 1-0


[Site "https://www.chess.com"]

[Event "Titled Tuesday Blitz November 15 Late 2022"]
[White "Domingo Nunez, Alejandro"]
[Black "Maksimovic, Bojan"]
[WhiteFideId "22245561"]
[BlackFideId "14408120"]
[WhiteElo "2242"]
[BlackElo "2447"]
[Result "0-1"]
[Round "05"]
[TimeControl "180+1"]
[Date "2022.11.16"]
[WhiteClock "0:00:02"]
[BlackClock "0:00:09"]

1. Nf3 g6 2. g3 Bg7 3. d4 d6 4. Bg2 Nf6 5. b3 c5 6. Bb2 Qa5+ 7. Qd2 Qxd2+ 8. Nbxd2 Na6 9. O-O O-O 10. c4 Bd7 11. dxc5 Nxc5 12. Nd4 Rab8 13. Rac1 Rfc8 14. Rfd1 a6 15. b4 Na4 16. Ba1 b5 17. cxb5 axb5 18. N2b3 Rc4 19. Na5 Rxc1 20. Rxc1 d5 21. Ndc6 Re8 22. Ne5 Bf5 23. e3 Ne4 24. Bf1 Nd6 25. Rc7 Nc4 26. Nexc4 dxc4 27. Bxg7 Kxg7 28. Nc6 e5 29. Na7 Rd8 30. Nxb5 Rd1 31. Kg2 Be4+ 32. f3 Rd2+ 33. Kg1 Bd3 34. Bxd3 cxd3 35. Rd7 Nb6 36. Rd8 Nc4 37. Nc3 Nxe3 38. b5 Nc4 39. Ne4 Rd1+ 40. Kf2 d2 41. b6 Nxb6 42. Rd3 Nc4 43. a4 f5 44. Nc3 Ra1 0-1


[Site "https://www.chess.com"]

[Event "Titled Tuesday Blitz November 15 Late 2022"]
[White "Dudzinski, Pawel"]
[Black "Thiel, Thomas"]
[WhiteFideId "1117890"]
[BlackFideId "4615964"]
[WhiteElo "2086"]
[BlackElo "2225"]
[Result "0-1"]
[Round "05"]
[TimeControl "180+1"]
[Date "2022.11.16"]
[WhiteClock "0:01:24"]
[BlackClock "0:02:03"]

1. e4 d5 2. exd5 Nf6 3. Bb5+ Nbd7 4. Nc3 a6 5. Be2 Nb6 6. d4 Nbxd5 7. Nxd5 Qxd5 8. Bf3 Qd6 9. Ne2 c6 10. O-O e6 11. Bf4 Qd8 12. c4 Bd6 13. d5 cxd5 14. cxd5 e5 15. Bg5 h6 16. Bh4 g5 17. Bg3 g4 18. Be4 Nxe4 19. Qa4+ Bd7 20. Qxe4 f5 21. Qe3 Qe7 22. f4 Bc5 0-1


[Site "https://www.chess.com"]

[Event "Titled Tuesday Blitz November 15 Late 2022"]
[White "Dzierzak, Radoslaw"]
[Black "Riehle, Marco"]
[WhiteFideId "1161407"]
[BlackFideId "12904392"]
[WhiteElo "2111"]
[BlackElo "2462"]
[Result "0-1"]
[Round "05"]
[TimeControl "180+1"]
[Date "2022.11.16"]
[WhiteClock "0:00:01"]
[BlackClock "0:00:21"]

1. e4 e5 2. Nf3 Nf6 3. Nxe5 Nxe4 4. Nf3 d5 5. Nc3 Nc6 6. Bb5 Bd6 7. Nxd5 O-O 8. Bxc6 bxc6 9. Ne3 Re8 10. d3 Ng5 11. O-O Bb7 12. Nxg5 Qxg5 13. Nc4 Qf6 14. Qg4 c5 15. Qg5 Qe6 16. Bf4 h6 17. Qg3 Bxf4 18. Qxf4 Qd5 19. f3 Re2 20. Rf2 Rae8 21. Raf1 Rxf2 22. Kxf2 g5 23. Qf6 Re6 24. Qc3 g4 25. Ne3 Qg5 26. Nxg4 Qh4+ 27. Kg1 Re2 28. Nf2 Qg5 29. g3 Bxf3 30. Re1 Qe3 31. Rxe2 Qxe2 32. h4 h5 33. b4 Qe3 0-1


[Site "https://www.chess.com"]

[Event "Titled Tuesday Blitz November 15 Late 2022"]
[White "Espinosa, Pedro"]
[Black "Khandelwal, Ankush"]
[WhiteFideId "30921066"]
[BlackFideId "413470"]
[WhiteElo "2016"]
[BlackElo "2271"]
[Result "0-1"]
[Round "05"]
[TimeControl "180+1"]
[Date "2022.11.16"]
[WhiteClock "0:00:18"]
[BlackClock "0:00:50"]

1. d4 Nf6 2. c4 g6 3. Nc3 Bg7 4. e4 d6 5. Nf3 O-O 6. Be2 Na6 7. Be3 e5 8. O-O Qe7 9. h3 Nxe4 10. Nxe4 exd4 11. Nxd6 dxe3 12. Nxc8 exf2+ 13. Rxf2 Raxc8 14. Qc2 Nc5 15. Rd1 Rfe8 16. Bf1 Ne4 17. Re2 Qc5+ 18. Kh2 f5 19. Rd5 Qe7 20. Nd2 c6 21. Rd3 Be5+ 22. Kg1 Qc5+ 23. Ree3 Nxd2 24. Qxd2 f4 25. b4 fxe3 26. bxc5 exd2 27. Rxd2 Rcd8 28. Re2 Rd1 29. Kf2 Bd4+ 30. Kg3 Rd3+ 31. Kh4 Bf6+ 32. Kg4 h5+ 33. Kf4 Rxe2 34. Bxe2 Rd2 35. Bf3 Rxa2 36. h4 Kg7 37. g4 Bxh4 38. gxh5 gxh5 39. Bxh5 Be7 40. Be8 Bxc5 41. Ke5 Re2+ 42. Kf5 Rxe8 43. Kf4 a5 44. Kf5 a4 45. Kf4 a3 46. Kf5 a2 47. Kf4 a1=Q 48. Kf5 Qf6+ 49. Kg4 b5 50. Kh5 Re4 51. cxb5 Rh4# 0-1


[Site "https://www.chess.com"]

[Event "Titled Tuesday Blitz November 15 Late 2022"]
[White "Fedoseev, Vladimir"]
[Black "Shimanov, Aleksandr"]
[WhiteFideId "24130737"]
[BlackFideId "4198603"]
[WhiteElo "2726"]
[BlackElo "2605"]
[Result "1-0"]
[Round "05"]
[TimeControl "180+1"]
[Date "2022.11.15"]
[WhiteClock "0:00:10"]
[BlackClock "0:00:03"]

1. e4 d5 2. exd5 Qxd5 3. Nc3 Qe5+ 4. Be2 Bg4 5. d4 Bxe2 6. Ngxe2 Qa5 7. O-O Nf6 8. b4 Qh5 9. Bf4 e6 10. Bxc7 Bxb4 11. Rb1 Nc6 12. Qd3 O-O 13. Nf4 Qg5 14. d5 exd5 15. Ncxd5 Nxd5 16. Nxd5 Qg4 17. h3 Qc8 18. Qc4 Qd7 19. Rfd1 Kh8 20. Rxb4 Nxb4 21. Qxb4 Qc6 22. c4 Rfe8 23. Bg3 Rad8 24. Qb3 h6 25. Ne3 Rxd1+ 26. Qxd1 Qe6 27. Qd5 Re7 28. Bd6 Rd7 29. Qxe6 fxe6 30. c5 b6 31. Kf1 bxc5 32. Bxc5 Rd2 33. a3 a6 34. Bb4 Ra2 35. g3 Kg8 36. Nc4 Kf7 37. Ne5+ Kf6 38. Nd3 g6 39. Nc5 a5 40. Bxa5 Rxa3 41. Bb4 Ra2 42. Kg2 h5 43. Ne4+ Kf7 44. Bc3 Rc2 45. Ng5+ Ke7 46. Be5 Ra2 47. Nf3 Ra3 48. h4 Ra2 49. Bf4 Kf7 50. Bg5 Kg7 51. Ne5 Ra6 52. Kf3 Rb6 53. Ke4 Ra6 54. Be3 Kf6 55. Bd4 Kg7 56. Nf3+ Kf7 57. Ng5+ Ke7 58. Bc5+ Kf6 59. Nf3 Ra4+ 60. Bd4+ Kf7 61. Kf4 Ra5 62. Ne5+ Ke7 63. Nxg6+ Kd6 64. Ke4 Ra4 65. Ne5 Rb4 66. Nd3 Ra4 67. f3 Rc4 68. g4 hxg4 69. fxg4 Rc2 70. h5 Re2+ 71. Kf3 Rh2 72. Be5+ 1-0


[Site "https://www.chess.com"]

[Event "Titled Tuesday Blitz November 15 Late 2022"]
[White "Fernandez Hernandez, Gerardo"]
[Black "Estrada Nieto, Julian"]
[WhiteFideId "2207400"]
[BlackFideId "5101018"]
[WhiteElo "2235"]
[BlackElo "2221"]
[Result "0-1"]
[Round "05"]
[TimeControl "180+1"]
[Date "2022.11.16"]
[WhiteClock "0:00:43"]
[BlackClock "0:01:54"]

1. e4 e5 2. Nf3 Nc6 3. Bc4 Bc5 4. b4 Bb6 5. a4 a5 6. b5 Nd4 7. O-O d6 8. Nxd4 Bxd4 9. c3 Bb6 10. d4 Nf6 11. Re1 O-O 12. dxe5 Ng4 13. Rf1 Qh4 14. h3 Nxf2 15. Rxf2 Qxf2+ 16. Kh1 dxe5 17. Nd2 Rd8 18. Qf1 Qxf1+ 19. Bxf1 Be6 20. Ba3 Rxd2 0-1


[Site "https://www.chess.com"]

[Event "Titled Tuesday Blitz November 15 Late 2022"]
[White "Figorito, Nick"]
[Black "Aggelis, Nikolaos"]
[WhiteFideId "30923689"]
[BlackFideId "4213220"]
[WhiteElo "2351"]
[BlackElo "2189"]
[Result "1/2-1/2"]
[Round "05"]
[TimeControl "180+1"]
[Date "2022.11.16"]
[WhiteClock "0:00:58"]
[BlackClock "0:00:30"]

1. Nf3 c5 2. g3 g6 3. Bg2 Nc6 4. O-O Bg7 5. c4 e5 6. Nc3 d6 7. d3 Nge7 8. Bg5 O-O 9. Bxe7 Nxe7 10. Ne1 a6 11. Nc2 Qc7 12. Ne3 Be6 13. Rb1 Rab8 14. b4 cxb4 15. Rxb4 b5 16. Ncd5 Nxd5 17. Nxd5 Bxd5 18. Bxd5 Rfc8 19. Qb3 bxc4 20. dxc4 Rxb4 21. Qxb4 Rb8 22. Qa4 a5 23. Qc2 Qb6 24. h4 Qb2 25. Rc1 Bh6 26. e3 Qxc2 27. Rxc2 Bf8 28. Rc3 Be7 29. Rb3 Rxb3 30. axb3 Bd8 31. Kf1 Kg7 32. Ke2 Bb6 33. e4 f5 34. f3 Kf6 35. Kf1 f4 36. g4 h6 37. Kg2 Be3 38. Kh3 g5 39. h5 Ke7 40. Kg2 Kd8 41. Kf1 Kc7 42. Ke2 Kb6 43. Kd3 Kc5 44. Kc3 Bd4+ 45. Kc2 Kb4 46. Be6 Ka3 47. Bd5 a4 48. bxa4 Kxa4 49. Be6 Kb4 50. Bd5 Bb6 51. Be6 Kc5 52. Kd3 Ba5 53. Bd5 Kb4 54. Be6 Kb3 55. Bd5 Kb2 56. Ke2 Kc3 57. Be6 Kc2 58. Bd5 Bb6 59. Be6 Be3 60. Bd5 Bc5 61. Be6 Kc3 62. Bd5 Kd4 63. Be6 Ba3 64. Bd5 Bb4 65. Be6 1/2-1/2


[Site "https://www.chess.com"]

[Event "Titled Tuesday Blitz November 15 Late 2022"]
[White "Firouzja, Alireza"]
[Black "Pranav, V"]
[WhiteFideId "12573981"]
[BlackFideId "25060783"]
[WhiteElo "2903"]
[BlackElo "2430"]
[Result "1-0"]
[Round "05"]
[TimeControl "180+1"]
[Date "2022.11.15"]
[WhiteClock "0:01:23"]
[BlackClock "0:00:38"]

1. d4 Nf6 2. Bg5 Ne4 3. Bf4 c5 4. f3 Qa5+ 5. c3 Nf6 6. d5 Qb6 7. Qd2 e6 8. c4 exd5 9. cxd5 Bd6 10. Bxd6 Qxd6 11. Nc3 O-O 12. e4 a6 13. a4 Re8 14. Bc4 Qe7 15. d6 Qe5 16. Nh3 Nc6 17. Ng5 Rf8 18. f4 Qe8 19. e5 Nxe5 20. fxe5 Qxe5+ 21. Kd1 Rb8 22. Re1 Qf4 23. Qxf4 1-0


[Site "https://www.chess.com"]

[Event "Titled Tuesday Blitz November 15 Late 2022"]
[White "Foerster-Yialamas, Lucas"]
[Black "Jobava, Baadur"]
[WhiteFideId "30901774"]
[BlackFideId "13601520"]
[WhiteElo "2067"]
[BlackElo "2582"]
[Result "0-1"]
[Round "05"]
[TimeControl "180+1"]
[Date "2022.11.16"]
[WhiteClock "0:00:31"]
[BlackClock "0:01:46"]

1. e4 c6 2. d4 d5 3. e5 Bf5 4. h4 f6 5. g4 Bd7 6. h5 e6 7. f4 c5 8. c3 Nc6 9. Nf3 Rc8 10. Rh2 Nh6 11. Bh3 cxd4 12. cxd4 fxe5 13. g5 e4 14. Ne5 Nxe5 15. fxe5 Nf5 16. Bxf5 exf5 17. Nc3 Be6 18. Qa4+ Qd7 19. Qxa7 Be7 20. Qa4 Qxa4 21. Nxa4 Rc4 22. Nc3 Rxd4 23. Nb5 Rd3 24. Nc7+ Kd7 25. Nxe6 Kxe6 26. Rc2 Kxe5 27. b3 Ke6 28. Bb2 Bxg5 29. Bxg7 Rg8 30. h6 Bf6 31. Bxf6 Kxf6 32. Kf2 Rf3+ 33. Ke2 Rg2+ 34. Kd1 Rf1# 0-1


[Site "https://www.chess.com"]

[Event "Titled Tuesday Blitz November 15 Late 2022"]
[White "Freile Martin, Javier"]
[Black "Kumala, Aleksander"]
[WhiteFideId "3600165"]
[BlackFideId "1141880"]
[WhiteElo "2328"]
[BlackElo "2269"]
[Result "0-1"]
[Round "05"]
[TimeControl "180+1"]
[Date "2022.11.16"]
[WhiteClock "0:00:01"]
[BlackClock "0:00:28"]

1. c4 h5 2. Nc3 h4 3. h3 e5 4. e3 Nc6 5. Nf3 d6 6. d4 exd4 7. exd4 Bf5 8. Be3 Qd7 9. d5 Ne5 10. Nxe5 dxe5 11. c5 Nf6 12. Bb5 c6 13. dxc6 bxc6 14. Qxd7+ Kxd7 15. O-O-O+ Kc7 16. Bc4 Bg6 17. Rd2 Rd8 18. Rhd1 Rxd2 19. Rxd2 Nd7 20. b4 Be7 21. f4 Rb8 22. a3 a5 23. f5 Bxf5 24. Bxf7 axb4 25. axb4 Rxb4 26. Ra2 Nxc5 27. Ra7+ Rb7 28. Rxb7+ Kxb7 29. Ne2 Nd3+ 30. Kd2 Bb4+ 31. Kd1 Nb2+ 32. Kc1 Ba3 33. Kd2 Bb4+ 34. Kc1 Nd3+ 35. Kd1 Kc7 36. Ng1 c5 37. Nf3 c4 38. Nxh4 Be4 39. Nf3 c3 40. Ne1 Nxe1 41. Kxe1 c2+ 42. Kf2 Bc5 0-1


[Site "https://www.chess.com"]

[Event "Titled Tuesday Blitz November 15 Late 2022"]
[White "Gardezi, Arsal"]
[Black "Sanchez, Robert"]
[WhiteFideId "30949521"]
[BlackFideId "2034360"]
[WhiteElo "1906"]
[BlackElo "2320"]
[Result "1-0"]
[Round "05"]
[TimeControl "180+1"]
[Date "2022.11.16"]
[WhiteClock "0:00:57"]
[BlackClock "0:00:29"]

1. Nf3 d5 2. d4 c6 3. c4 Nf6 4. cxd5 cxd5 5. Nc3 Nc6 6. Bf4 Bf5 7. e3 e6 8. a3 Bd6 9. Bg3 O-O 10. Bd3 Bg4 11. O-O e5 12. dxe5 Bxe5 13. Be2 Bxg3 14. hxg3 Re8 15. Qb3 d4 16. Rad1 Ne4 17. Nxe4 Rxe4 18. Qxb7 Rc8 19. Nxd4 Nxd4 20. Bxg4 Rxg4 21. exd4 Rb8 22. Qxa7 Rxb2 23. d5 h5 24. d6 h4 25. Qe7 Rb8 26. Rfe1 hxg3 27. f3 Rg6 28. d7 Qb6+ 29. Qe3 Qxe3+ 30. Rxe3 Rd8 31. Re8+ 1-0


[Site "https://www.chess.com"]

[Event "Titled Tuesday Blitz November 15 Late 2022"]
[White "Gerbelli Neto, Eduardo"]
[Black "Chirilov, James A"]
[WhiteFideId "2103281"]
[BlackFideId "30976677"]
[WhiteElo "2178"]
[BlackElo "1790"]
[Result "0-1"]
[Round "05"]
[TimeControl "180+1"]
[Date "2022.11.16"]
[WhiteClock "0:01:16"]
[BlackClock "0:00:54"]

1. e4 c5 2. Nc3 d6 3. f4 g6 4. Nf3 Bg7 5. Bb5+ Nd7 6. d3 a6 7. Bc4 e6 8. O-O b5 9. Bb3 Bb7 10. f5 exf5 11. exf5 Ngf6 12. Re1+ Kf8 13. fxg6 hxg6 14. Bg5 Rh5 15. Qd2 Bxf3 16. gxf3 Ne5 17. Rxe5 dxe5 18. Ne4 Nxe4 0-1


[Site "https://www.chess.com"]

[Event "Titled Tuesday Blitz November 15 Late 2022"]
[White "Ghazarian, Kirk"]
[Black "Kamsky, Gata"]
[WhiteFideId "30908604"]
[BlackFideId "2000024"]
[WhiteElo "2346"]
[BlackElo "2666"]
[Result "1-0"]
[Round "05"]
[TimeControl "180+1"]
[Date "2022.11.15"]
[WhiteClock "0:00:04"]
[BlackClock "0:00:07"]

1. d4 Nf6 2. Nf3 g6 3. Bf4 Bg7 4. e3 d6 5. Be2 O-O 6. h3 b6 7. O-O c5 8. c4 Nc6 9. Nc3 Bf5 10. d5 Nb4 11. a3 Na6 12. Nd2 Nc7 13. e4 Bd7 14. Bh2 Rb8 15. a4 a6 16. f4 b5 17. axb5 axb5 18. e5 Nfe8 19. b3 bxc4 20. bxc4 e6 21. Nde4 exd5 22. cxd5 Nb5 23. Nxb5 Bxb5 24. Bxb5 Rxb5 25. Ra6 Rb4 26. Nxd6 Nc7 27. Rc6 Rd4 28. Qf3 Nxd5 29. Rxc5 Qb6 30. Rb5 Qc6 31. Rbb1 Rd2 32. Rfc1 Qa4 33. Rd1 Qd4+ 34. Kh1 Nc3 35. Rxd2 Qxd2 36. Rf1 Qe2 37. f5 Qxf3 38. Rxf3 Nd5 39. f6 Bh6 40. Rd3 Nc7 41. Rc3 Ne6 42. Rb3 Ra8 43. Bg3 Bf4 44. Bxf4 Nxf4 45. Rb7 Rf8 46. Kh2 h5 47. h4 Ne6 48. Re7 Nd4 49. Ne4 Nf5 50. Rc7 Re8 51. Ng5 Rf8 52. e6 fxe6 53. f7+ Kh8 54. Nxe6 1-0


[Site "https://www.chess.com"]

[Event "Titled Tuesday Blitz November 15 Late 2022"]
[White "Gokerkan, Cem Kaan"]
[Black "Tari, Aryan"]
[WhiteFideId "6336760"]
[BlackFideId "1510045"]
[WhiteElo "2365"]
[BlackElo "2612"]
[Result "0-1"]
[Round "05"]
[TimeControl "180+1"]
[Date "2022.11.15"]
[WhiteClock "0:00:02"]
[BlackClock "0:01:38"]

1. e4 c6 2. d4 d5 3. e5 Bf5 4. h4 c5 5. dxc5 Nc6 6. Nf3 e6 7. Be3 Nh6 8. c3 Bg4 9. Nbd2 Nf5 10. Bd4 Be7 11. Be2 O-O 12. g3 f6 13. exf6 Bxf6 14. Bxf6 Qxf6 15. O-O Qg6 16. Ng5 Bxe2 17. Qxe2 Rae8 18. Kh2 e5 19. Rae1 e4 20. Nh3 Nh6 21. Ng5 Ne5 22. f4 exf3 23. Qd1 Nhg4+ 24. Kh1 Nd3 25. Rxe8 Ndf2+ 26. Kg1 Nxd1 27. Rxf8+ Kxf8 0-1


[Site "https://www.chess.com"]

[Event "Titled Tuesday Blitz November 15 Late 2022"]
[White "Golubev, Mikhail"]
[Black "Krasteva, Beloslava"]
[WhiteFideId "14100983"]
[BlackFideId "2922029"]
[WhiteElo "2374"]
[BlackElo "2187"]
[Result "1-0"]
[Round "05"]
[TimeControl "180+1"]
[Date "2022.11.16"]
[WhiteClock "0:00:12"]
[BlackClock "0:00:03"]

1. e4 c5 2. Nf3 a6 3. c4 Nc6 4. d4 cxd4 5. Nxd4 e6 6. Nc3 Bb4 7. Nxc6 bxc6 8. Bd3 e5 9. O-O Ne7 10. f4 exf4 11. Bxf4 O-O 12. e5 Ng6 13. Bg3 Qe7 14. Qh5 Bc5+ 15. Kh1 Bd4 16. Rae1 Bb7 17. Rf4 Bxe5 18. Rh4 f5 19. Qxh7+ Kf7 20. Rg4 fxg4 21. Bxg6+ Kf6 22. Bh4+ Ke6 23. Bxe7 Rh8 24. Rxe5+ Kxe5 25. Qxg7+ 1-0


[Site "https://www.chess.com"]

[Event "Titled Tuesday Blitz November 15 Late 2022"]
[White "Gorodetzky, David"]
[Black "Yanchenko, Roman"]
[WhiteFideId "2813416"]
[BlackFideId "4137329"]
[WhiteElo "2497"]
[BlackElo "2489"]
[Result "0-1"]
[Round "05"]
[TimeControl "180+1"]
[Date "2022.11.15"]
[WhiteClock "0:00:01"]
[BlackClock "0:00:09"]

1. c4 e6 2. Nf3 d5 3. g3 Nf6 4. Bg2 Be7 5. O-O O-O 6. b3 b6 7. Bb2 Bb7 8. e3 dxc4 9. bxc4 c5 10. d4 cxd4 11. exd4 Nc6 12. Nbd2 Rc8 13. Qe2 Qc7 14. Rac1 Rfd8 15. Rfd1 h6 16. Nf1 Bf8 17. Ne3 Qe7 18. Qc2 Na5 19. Qb1 Be4 20. Qa1 Rc7 21. d5 exd5 22. Bxf6 Qxf6 23. Qxf6 gxf6 24. cxd5 Rxc1 25. Rxc1 Bc5 26. Nh4 Bxe3 27. fxe3 Bxg2 28. Nxg2 Rxd5 29. Rc7 Rd1+ 30. Kf2 Rd2+ 31. Kf3 Rxa2 32. Rxa7 Ra3 33. Rc7 b5 34. Nf4 Nc4 35. Nd5 Kg7 36. Rb7 Ne5+ 37. Ke4 Ra4+ 38. Kf5 Nc4 39. Rd7 b4 40. e4 b3 41. Rd8 b2 42. Rb8 Nd6+ 43. Kf4 Rxe4+ 44. Kf3 Rd4 45. Ne3 Rd2 46. Rb4 f5 47. h3 Kf6 48. Rb6 Ke7 49. Rb8 Ke6 50. Rb4 Ne4 51. Rb6+ Nd6 52. Rb4 h5 53. h4 Ke5 54. Rb8 Rh2 55. Rb4 Ke6 56. Rb3 Ke5 57. Rb4 f6 58. Rb6 Ne4 59. Rb5+ Kd4 60. Nxf5+ Kd3 61. Ne3 Rf2# 0-1


[Site "https://www.chess.com"]

[Event "Titled Tuesday Blitz November 15 Late 2022"]
[White "Goroshkov, Maksym"]
[Black "Svane, Frederik"]
[WhiteFideId "14142716"]
[BlackFideId "12923044"]
[WhiteElo "2257"]
[BlackElo "2466"]
[Result "0-1"]
[Round "05"]
[TimeControl "180+1"]
[Date "2022.11.16"]
[WhiteClock "0:01:58"]
[BlackClock "0:02:05"]

1. e4 e6 2. d3 d5 3. exd5 exd5 4. Nf3 Nf6 5. Be2 Bd6 6. O-O O-O 7. c4 Bf5 8. Nd4 Bg6 9. Bg5 Be5 10. Be3 c5 11. Nb5 Bxb2 12. Bxc5 Bxa1 13. Bxf8 Kxf8 14. f4 a6 15. Nd2 axb5 16. Qxa1 dxc4 17. f5 cxd3 18. Bf3 Bh5 19. Bxb7 Qb6+ 20. Kh1 Qxb7 21. Qd4 Nc6 22. Qxd3 Rd8 23. Qe3 Qe7 24. Qg5 h6 25. Qf4 Qe5 26. Qf2 Qd4 0-1


[Site "https://www.chess.com"]

[Event "Titled Tuesday Blitz November 15 Late 2022"]
[White "Goryachkina, Aleksandra"]
[Black "Tang, Andrew"]
[WhiteFideId "4147103"]
[BlackFideId "2059630"]
[WhiteElo "2658"]
[BlackElo "2844"]
[Result "0-1"]
[Round "05"]
[TimeControl "180+1"]
[Date "2022.11.16"]
[WhiteClock "0:00:01"]
[BlackClock "0:00:15"]

1. e4 b5 2. Bxb5 f5 3. exf5 c6 4. Be2 d5 5. Bh5+ Kd7 6. d4 Nf6 7. Nf3 Kc7 8. Bf4+ Kb7 9. Ne5 Bxf5 10. O-O Qb6 11. Bf3 e6 12. c4 Qxb2 13. cxd5 exd5 14. Nd2 Qxd4 15. Bg3 Bb4 16. Rb1 Bxb1 17. Qxb1 Qxd2 18. Rd1 Qc3 19. Rd3 Qc5 20. Rb3 a5 21. Nd3 Qa7 22. a3 Nbd7 23. axb4 a4 24. Ra3 Qd4 25. b5 c5 26. Nf4 Rhe8 27. h3 Nb6 28. Rd3 Qb4 29. Qa2 Rad8 30. Kh2 c4 31. Rd1 a3 32. Bh4 Qd6 0-1


[Site "https://www.chess.com"]

[Event "Titled Tuesday Blitz November 15 Late 2022"]
[White "Grapsa, Georgia"]
[Black "Stanisz, Patryk"]
[WhiteFideId "4206436"]
[BlackFideId "1123106"]
[WhiteElo "1877"]
[BlackElo "2069"]
[Result "0-1"]
[Round "05"]
[TimeControl "180+1"]
[Date "2022.11.16"]
[WhiteClock "0:00:18"]
[BlackClock "0:00:08"]

1. e4 c5 2. Nc3 a6 3. g3 b5 4. Bg2 Bb7 5. d3 b4 6. Nce2 g6 7. f4 Bg7 8. Nf3 e6 9. O-O Ne7 10. c3 a5 11. d4 cxd4 12. Nfxd4 bxc3 13. bxc3 O-O 14. e5 Bxg2 15. Kxg2 d6 16. exd6 Qxd6 17. a4 Nbc6 18. Nb5 Qc5 19. Ned4 Rfd8 20. Be3 Nd5 21. Bg1 Nxd4 22. cxd4 Qe7 23. Qf3 Rac8 24. Rac1 Qb4 25. Qa3 Rxc1 26. Rxc1 Qd2+ 27. Kh3 h5 28. Qc5 Bf6 29. Qc2 Qb4 30. Bf2 h4 31. Be1 Qe7 32. Bxa5 Re8 33. Be1 hxg3 34. hxg3 Kg7 35. Kg2 Rh8 36. Bf2 Qb7 37. Qc6 Qe7 38. a5 Qb4 39. a6 Qd2 40. Qc2 Ne3+ 41. Kf3 Nxc2 42. Re1 Nxe1+ 0-1


[Site "https://www.chess.com"]

[Event "Titled Tuesday Blitz November 15 Late 2022"]
[White "Grigorov, Grigor"]
[Black "Andreikin, Dmitry"]
[WhiteFideId "2907313"]
[BlackFideId "4158814"]
[WhiteElo "2510"]
[BlackElo "2736"]
[Result "0-1"]
[Round "05"]
[TimeControl "180+1"]
[Date "2022.11.15"]
[WhiteClock "0:00:09"]
[BlackClock "0:01:00"]

1. Nf3 Nf6 2. d4 e6 3. Bg5 h6 4. Bh4 d6 5. Nbd2 g5 6. Bg3 Nh5 7. e4 Bg7 8. c3 Nd7 9. Nc4 b5 10. Ne3 Rb8 11. Nd2 Nxg3 12. hxg3 b4 13. Bd3 bxc3 14. bxc3 c5 15. d5 Bxc3 16. dxe6 fxe6 17. Rc1 Qa5 18. Nc4 Bxd2+ 19. Nxd2 Ne5 20. Be2 Rb2 21. Rc2 Rxc2 22. Qxc2 Ba6 23. f4 gxf4 24. gxf4 Nc6 25. e5 Rg8 26. Bxa6 Nd4 27. Qc4 Rxg2 0-1


[Site "https://www.chess.com"]

[Event "Titled Tuesday Blitz November 15 Late 2022"]
[White "Grot, Blazej"]
[Black "Crevatin, Leo"]
[WhiteFideId "21835845"]
[BlackFideId "1726307"]
[WhiteElo "1822"]
[BlackElo "2208"]
[Result "0-1"]
[Round "05"]
[TimeControl "180+1"]
[Date "2022.11.16"]
[WhiteClock "0:00:05"]
[BlackClock "0:01:29"]

1. e4 c5 2. Nc3 Nc6 3. Bb5 Nd4 4. Nf3 a6 5. Bc4 b5 6. Bd5 Rb8 7. Nxd4 cxd4 8. Ne2 e6 9. Bb3 Bc5 10. d3 Nf6 11. Bg5 Qa5+ 12. Bd2 Qb6 13. O-O O-O 14. f4 Bb7 15. f5 e5 16. Qe1 d5 17. exd5 Bxd5 18. Bxd5 Nxd5 19. Qg3 e4 20. Nf4 Nxf4 21. Bxf4 Rbe8 22. dxe4 Rxe4 23. Kh1 Rfe8 24. Qf3 Bd6 25. Bxd6 Qxd6 26. f6 Qxf6 27. Qxf6 gxf6 28. Rxf6 Re1+ 29. Rf1 Rxa1 30. Rxa1 Re2 31. Rc1 d3 32. cxd3 Rxb2 33. a4 bxa4 34. Ra1 a3 35. h3 a2 36. Kh2 Kg7 37. Kg3 Kf6 38. Kf3 Ke5 39. g4 Kd4 40. h4 Kxd3 41. g5 Kc3 42. Rc1+ Rc2 43. Ra1 Kb2 44. Rxa2+ Kxa2 0-1


[Site "https://www.chess.com"]

[Event "Titled Tuesday Blitz November 15 Late 2022"]
[White "Gubajdullin, Alexei"]
[Black "Fernandez Guillen, Ernesto J."]
[WhiteFideId "4141202"]
[BlackFideId "3512428"]
[WhiteElo "2230"]
[BlackElo "2450"]
[Result "1-0"]
[Round "05"]
[TimeControl "180+1"]
[Date "2022.11.16"]
[WhiteClock "0:00:54"]
[BlackClock "0:00:20"]

1. Nf3 Nf6 2. c4 g6 3. b4 Bg7 4. Bb2 O-O 5. g3 d5 6. cxd5 Nxd5 7. Bxg7 Kxg7 8. Qb3 a5 9. bxa5 Rxa5 10. Na3 Nc6 11. Nc4 Ra6 12. Bg2 Nf6 13. O-O Be6 14. d3 Na5 15. Qb4 Nxc4 16. dxc4 Rb6 17. Qc3 Qa8 18. Nd4 Bd7 19. c5 Ra6 20. Rfb1 c6 21. a4 Rxa4 22. Rxa4 Qxa4 23. Ra1 Ra8 24. Rxa4 Rxa4 25. h3 h5 26. e4 Kg8 27. e5 Ne8 28. e6 fxe6 29. Nf3 Nf6 30. Ne5 Bc8 31. Qd3 Ra1+ 32. Kh2 1-0


[Site "https://www.chess.com"]

[Event "Titled Tuesday Blitz November 15 Late 2022"]
[White "Gurevich, Dmitry"]
[Black "Cardoso Cardoso, Jose Gabriel"]
[WhiteFideId "2000407"]
[BlackFideId "4430492"]
[WhiteElo "2506"]
[BlackElo "2484"]
[Result "0-1"]
[Round "05"]
[TimeControl "180+1"]
[Date "2022.11.16"]
[WhiteClock "0:00:01"]
[BlackClock "0:00:04"]

1. d4 d5 2. c4 e6 3. Nc3 a6 4. cxd5 exd5 5. Nf3 Nf6 6. Bf4 c5 7. dxc5 Bxc5 8. e3 Nc6 9. Be2 O-O 10. O-O d4 11. exd4 Nxd4 12. Nxd4 Bxd4 13. Bf3 Ra7 14. Ne2 Bxb2 15. Rb1 Ba3 16. Be3 Ra8 17. Bxb7 Bxb7 18. Rxb7 Nd5 19. Bd4 Be7 20. Qb3 Bf6 21. Bxf6 Nxf6 22. Ng3 Rb8 23. h3 Rxb7 24. Qxb7 Qa5 25. Qb3 g6 26. Rc1 Rd8 27. Kh2 Kg7 28. Rc3 h5 29. Rf3 h4 30. Nf1 Qe5+ 31. Kg1 Rc8 32. Qe3 Qa1 33. Qe2 Re8 34. Re3 Rxe3 35. fxe3 Ne4 36. Qd3 Ng3 37. Qd4+ Qxd4 38. exd4 Nxf1 39. Kxf1 Kf6 40. Ke2 Ke6 41. Ke3 g5 42. Ke4 f5+ 43. Ke3 Kd5 44. Kd3 a5 0-1


[Site "https://www.chess.com"]